 Dungeon Crawl Stone Soup version 0.26-a0-854-gdc81c2f471 (webtiles) character file.

Game seed: 14910702661712096225

221878 marklar909 the Slingshot (level 19, -11/143 HPs)
             Began as a Halfling Hunter on Nov 22, 2020.
             Was the Champion of Okawaru.
             Killed from afar by a shock serpent (16 damage)
             ... with a bolt of electricity
             ... on level 4 of the Snake Pit on Nov 23, 2020.
             The game lasted 01:17:56 (48646 turns).

marklar909 the Slingshot (Halfling Hunter)         Turns: 48646, Time: 01:17:58

Health: -11/143    AC: 27    Str: 18    XL:     19   Next: 98%
Magic:  28/28      EV: 23    Int:  9    God:    Okawaru [******]
Gold:   2562       SH: 20    Dex: 18    Spells: 18/18 levels left

rFire    . . .     SeeInvis +   V - +9 fustibalus (vorpal)
rCold    + + .     Faith    .   m - +0 kite shield {rC+}
rNeg     . . .     Spirit   .   h - +2 plate armour {rPois}
rPois    +         Reflect  +   n - +0 hat {MR+}
rElec    .         Harm     .   f - +1 cloak {rC+}
rCorr    .         Rampage  .   X - +2 pair of gloves {archery}
MR       ++...                  (no boots)
Stlth    ..........             y - amulet of reflection
HPRegen  0.33/turn              N - +4 ring of evasion
MPRegen  0.21/turn              P - ring of see invisible

@: lethally poisoned (-11 -> -12), heroism
A: small, mutation resistance 1
}: 1/15 runes: decaying
a: Heroism, Finesse, Renounce Religion


You were on level 4 of the Snake Pit.
You worshipped Okawaru.
Okawaru was exalted by your worship.
You visited 5 branches of the dungeon, and saw 31 of its levels.
You also visited: Ice Cave and Volcano.

You collected 3503 gold pieces.
You spent 941 gold pieces at shops.

Inventory:

Hand Weapons
 V - a +9 vorpal fustibalus (weapon)
Missiles
 d - 398 sling bullets
 F - 28 stones (quivered)
 J - 19 curare-tipped darts
Armour
 f - a +1 cloak of cold resistance (worn)
 h - a +2 plate armour of poison resistance (worn)
 m - a +0 kite shield of cold resistance (worn)
 n - a +0 hat of magic resistance (worn)
 X - a +2 pair of gloves of archery (worn)
Jewellery
 y - an amulet of reflection (around neck)
 B - an uncursed ring of positive energy {unknown}
 H - an uncursed ring of resist corrosion
 N - a +4 ring of evasion (left hand)
 P - a ring of see invisible (right hand)
Wands
 q - a wand of digging (9)
 v - a wand of flame (9)
 C - a wand of random effects (21)
 D - a wand of acid (4)
 L - a wand of disintegration (3)
 W - a wand of iceblast (24)
Scrolls
 g - 20 scrolls of teleportation
 k - 4 scrolls of fear
 l - 18 scrolls of remove curse
 p - 8 scrolls of amnesia
 u - 7 scrolls of magic mapping
 x - 7 scrolls of immolation
 A - 13 scrolls of identify
 G - a scroll of enchant armour
 O - 2 scrolls of blinking
 S - 4 scrolls of fog
Potions
 a - a potion of magic
 b - 7 potions of heal wounds
 c - 8 potions of mutation
 e - 18 potions of curing
 i - 9 potions of flight
 o - 8 potions of resistance
 r - 5 potions of haste
 s - 4 potions of brilliance
 t - 7 potions of lignification
 w - 3 potions of ambrosia
 z - 8 potions of might
 E - 3 potions of invisibility
 Q - 4 potions of cancellation
Miscellaneous
 j - a condenser vane
 K - a lightning rod (4/4)
 T - a phial of floods
 U - a tin of tremorstones (2/2)


   Skills:
 + Level 16.9(21.9) Fighting
 + Level 21.6(26.6) Slings
 + Level 0.1(15.9) Throwing
 * Level 13.6(18.6) Armour
 * Level 12.8(17.8) Dodging
 + Level 3.9(8.9) Stealth
 * Level 11.2(16.2) Shields
 * Level 13.2 Invocations
 + Level 2.9 Evocations


You had 18 spell levels left.
You didn't know any spells.
Your spell library contained the following spells:

 Spells                   Type           Power        Failure   Level
 Corona                   Hex            #......      100%        1
 Magic Dart               Conj           #...         100%        1
 Sandblast                Erth           #.....       100%        1
 Sting                    Tmut/Pois      #...         100%        1
 Passwall                 Tmut/Erth      #.......     100%        2
 Poisonous Vapours        Pois/Air       #.....       100%        2
 Slow                     Hex            #.......     100%        2
 Conjure Flame            Conj/Fire      #.......     100%        3
 Ignite Poison            Fire/Tmut/Pois #.......     100%        3
 Inner Flame              Hex/Fire       #.......     100%        3
 Mephitic Cloud           Conj/Pois/Air  #.......     100%        3
 Portal Projectile        Hex/Tloc       #.....       100%        3
 Stone Arrow              Conj/Erth      #.....       100%        3
 Animate Dead             Necr           #.........   100%        4
 Cause Fear               Hex            #.........   100%        4
 Hailstorm                Conj/Ice       #.......     100%        4
 Ice Form                 Ice/Tmut       #.......     100%        4
 Leda's Liquefaction      Hex/Erth       #.........   100%        4
 Olgreb's Toxic Radiance  Pois           #.......     100%        4
 Petrify                  Tmut/Erth      #.......     100%        4
 Bolt of Magma            Conj/Fire/Erth #.........   100%        5
 Iskenderun's Battlesphe  Conj           #.......     100%        5
 Lee's Rapid Deconstruct  Erth           #.........   100%        5
 Metabolic Englaciation   Hex/Ice        #.........   100%        5
 Freezing Cloud           Conj/Ice/Air   #.........   100%        6
 Iron Shot                Conj/Erth      #.........   100%        6
 Ozocubu's Refrigeration  Ice            #.........   100%        6
 Simulacrum               Ice/Necr       #.........   100%        6
 Statue Form              Tmut/Erth      #........    100%        6
 Orb of Destruction       Conj           #.........   100%        7
 Spellforged Servitor     Conj/Summ      #.........   100%        7


Dungeon Overview and Level Annotations

Branches:
Dungeon (15/15)            Temple (0/1) D:4            Lair (6/6) D:11
  Swamp (4/4) Lair:4        Snake (4/4) Lair:2        Slime (0/5) Lair:6
    Orc (2/2) D:9             Elf (0/3) Orc:2        Vaults (0/5) D:13
 Depths (0/5) D:15          IceCv (visited)         Volcano (visited)

Altars:
Ashenzari
Dithmenos
Elyvilon
Makhleb
Nemelex Xobeh
Okawaru
Qazlal
Trog
Uskayaw
Xom
Yredelemnul
Beogh
Jiyva

Shops:
D:4 ?   D:14 :*[   Orc:1 !   Orc:2 *:!(   Snake:4 [

Portals:
Pandemonium: Orc:2

Annotations:
Lair:1 3 runed translucent doors, Vaqiog's ghost, journeyman FoFi
Snake:2 2 transporters, crescentfresh's ghost, adept HuIE
Snake:3 3 runed translucent doors, Voujoc's ghost, adept DsIE


Innate Abilities, Weirdness & Mutations

You are small and have problems with some larger weapons.
You are somewhat resistant to further mutation.


Message History

The guardian serpent is lightly wounded.
You feel sick. The anaconda misses you. You block the anaconda's attack.
The shock serpent bites you.
* * * LOW HITPOINT WARNING * * *
The shock serpent shocks you!
* * * LOW HITPOINT WARNING * * *
You block the naga warrior's attack.
* * * LOW HITPOINT WARNING * * *
The naga warrior constricts you. The anaconda bites you!
* * * LOW HITPOINT WARNING * * *
The anaconda closely misses you.
Unknown command.
Unknown command.
Press: ? - help, Dir - move target cursor, p - naga warrior You escape the naga warrior's grasp.
As you read the scroll of blinking, it crumbles to dust.
You feel sick.
The shock serpent shoots out a bolt of lightning at you!
The bolt of electricity hits you!
You die...

( .#( ########### ###'(.
#...).....# §≈#.((#
##...#≈†...# §§##((.#
##...##§§...# ≈≈≈##..(###
###...##≈≈§..##
)§.≈##.SNS######@(.(##≈≈§..##
†.≈§≈##((S.S)......##≈§≈..##
#..≈≈≈##...N......##≈≈§..##
##[.§≈≈###......###≈§≈..##
##§..≈§§########≈≈≈...##
##..§≈§≈≈≈§≈≈§§≈§.§)##
##.§≈≈≈§§≈≈§≈§≈§..##
#.§..≈≈≈≈≈≈§§§.).#
#.)().§§≈≈§......#


You could see a salamander mystic, an anaconda and a shock serpent.

Vanquished Creatures
  Rupert (D:14)
  Frances (D:12)
  9 nagarajas
  2 fenstrider witches
  The ghost of mhtbhm the Bludgeoner, a journeyman GrFi of the Shining One (Snake:1)
  2 bunyips
  Nessos (D:12)
  A white draconian (IceCv)
  A fire dragon (Lair:6)
  2 shambling mangroves
  5 eleionomae
  33 hydras
  3 naga warriors (Snake:4)
  A ghost crab (Lair:4)
  2 vault guards (D:13)
  3 boulder beetles
  A death knight (D:12)
  A centaur warrior (D:15)
  11 alligators
  2 tengu warriors
  14 anacondas
  A dancing weapon (Snake:1)
  5 two-headed ogres
  The ghost of tatocazan the Spear-Bearer, a novice DsGl of Ru (Orc:1)
  4 shock serpents
  9 orc high priests (Orc:2)
  8 naga sharpshooters
  7 death yaks
  Urug (D:12)
  A soul eater (Orc:2)
  2 salamander mystics (Snake:4)
  2 goliath frogs
  2 spriggan druids
  2 torturous demonspawn (Orc:2)
  3 unseen horrors
  A phantasmal warrior (D:12)
  9 swamp dragons
  A wizard (D:13)
  3 lindwurms (Snake:4)
  Pikel (D:4)
  4 bog bodies
  7 naga ritualists
  2 necromancers (D:13)
  5 orc knights (Orc:2)
  16 mana vipers
  3 orc sorcerers (Orc:2)
  5 cyclopes
  5 will-o-the-wisps
  3 deep elf magi
  4 salamanders
  A wolf spider (D:15)
  A moth of wrath (shapeshifter) (D:15)
  9 ugly things
  41 black mambas
  A manticore (D:10)
  Joseph (D:7)
  6 guardian serpents (Snake:4)
  17 naga magi
  An ice statue (IceCv)
  3 torpor snails
  13 cane toads
  3 gargoyles
  13 komodo dragons
  3 rime drakes
  A yaktaur (D:13)
  A kobold demonologist (D:15)
  2 freezing wraiths
  3 hellwings (Orc:2)
  4 trolls
  2 tengu conjurers
  A merfolk (D:15)
  25 polar bears
  16 tyrant leeches
  Prince Ribbit (Lair:2)
  10 hornets
  A raiju (Lair:6)
  A harpy skeleton (D:13)
  30 blink frogs
  8 spriggans
  A tarantella (shapeshifter) (D:13)
  4 shadows
  A wyvern (D:11)
  2 water elementals (D:14)
  6 wraiths
  18 humans (D:13)
  2 vampires (D:13)
  9 vampire mosquitoes
  3 fire bats (Volcano)
  2 steam dragons
  42 yaks
  Eustachio (D:4)
  9 basilisks
  7 wargs
  13 swamp worms
  33 nagas
  Edmund (D:5)
  4 acid dragons (Lair:6)
  16 water moccasins
  A hornet zombie (D:11)
  16 hell hounds (Lair:6)
  4 ice beasts
  36 orc warriors
  12 swamp drakes
  A sky beast (shapeshifter) (D:13)
  2 sky beasts
  12 black bears
  6 phantoms
  3 necrophages
  An eye of draining (D:10)
  14 centaurs
  11 ogres
  52 wolves
  2 lemures (D:4)
  3 big kobolds
  11 bullfrogs
  A gnoll sergeant (D:9)
  A water moccasin zombie (D:10)
  A wyvern skeleton (D:11)
  4 scorpions
  5 killer bees
  15 wights
  8 howler monkeys
  7 electric eels
  3 quasits
  2 centaur zombies
  3 jellies
  7 centaur skeletons
  2 bullfrog skeletons
  A bullfrog zombie (D:4)
  9 hounds
  23 orc priests
  14 orc wizards
  Jessica (D:3)
  Ijyb (D:4)
  Terence (D:2)
  7 iguanas
  2 hell rats (D:11)
  Natasha (twice) (D:3)
  15 worker ants
  A hound zombie (D:10)
  Robin (D:4)
  A worker ant zombie (D:10)
  5 gnolls (D:9)
  17 adders
  2 river rats (D:11)
  14 white imps
  2 oozes
  An adder skeleton (D:8)
  3 worms (D:3)
  3 dart slugs
  4 leopard geckos
  91 orcs
  7 bats
  7 giant cockroaches
  18 goblins
  18 hobgoblins
  14 jackals
  15 kobolds
  8 quokkas
  3 ball pythons
  13 frilled lizards
  A giant cockroach zombie (D:5)
  3 quokka skeletons
  10 rats
1191 creatures vanquished.

Vanquished Creatures (others)
  A boulder beetle (Lair:6)
  A naga mage (Snake:4)
  A wolf (IceCv)
  10 foxfires (Swamp:4)
  53 fungi
  85 plants
  A withered plant (D:4)
152 creatures vanquished.

Grand Total: 1343 creatures vanquished

Notes
Turn   | Place    | Note
-------+----------+-------------------------------------------
     0 | D:1      | marklar909 the Halfling Hunter began the quest for the Orb.
     0 | D:1      | Reached XP level 1. HP: 14/14 MP: 1/1
     9 | D:1      | Reached skill level 6 in Slings
    20 | D:1      | Reached XP level 2. HP: 19/19 MP: 2/2
   100 | D:1      | Reached XP level 3. HP: 24/24 MP: 3/3
   194 | D:1      | Reached skill level 7 in Slings
   675 | D:2      | Found a faded altar of an unknown god.
   684 | D:2      | Reached XP level 4. HP: 29/29 MP: 4/4
   748 | D:2      | Found a stormy altar of Qazlal.
   949 | D:2      | Reached XP level 5. HP: 26/35 MP: 5/5
  1107 | D:1      | Reached skill level 8 in Slings
  1378 | D:2      | Reached skill level 1 in Armour
  1634 | D:2      | Found a bloodstained altar of Trog.
  1723 | D:2      | Noticed Terence
  1745 | D:2      | Killed Terence
  1746 | D:2      | Reached XP level 6. HP: 31/41 MP: 6/6
  2415 | D:3      | Noticed a necrophage
  2425 | D:3      | Reached skill level 9 in Slings
  2438 | D:3      | Killed a necrophage
  2673 | D:3      | Noticed Natasha
  2684 | D:3      | Killed Natasha
  2728 | D:3      | Noticed Natasha
  2738 | D:3      | Killed Natasha
  2739 | D:3      | Reached XP level 7. HP: 36/44 MP: 7/7
  2798 | D:3      | Found an iron altar of Okawaru.
  2813 | D:3      | Became a worshipper of Warmaster Okawaru
  2999 | D:3      | Noticed Jessica
  3011 | D:3      | Killed Jessica
  3465 | D:4      | Noticed Robin
  3469 | D:4      | Killed Robin
  3567 | D:4      | Found a basalt altar of Yredelemnul.
  3652 | D:4      | Found a staircase to the Ecumenical Temple.
  3681 | D:4      | Reached skill level 10 in Slings
  4146 | D:4      | Noticed Pikel
  4171 | D:4      | Killed Pikel
  4171 | D:4      | Reached * piety under Okawaru
  4172 | D:4      | Reached skill level 11 in Slings
  4172 | D:4      | Reached XP level 8. HP: 14/52 MP: 8/8
  4666 | D:4      | Noticed Eustachio
  4685 | D:4      | Killed Eustachio
  4685 | D:4      | Reached ** piety under Okawaru
  4686 | D:4      | Reached skill level 5 in Fighting
  4759 | D:4      | Found Jesucw's Magic Scroll Shop.
  4759 | D:4      | Noticed Ijyb
  4767 | D:4      | Killed Ijyb
  4785 | D:4      | Bought a scroll of teleportation for 30 gold pieces
  4785 | D:4      | Bought a scroll of magic mapping for 35 gold pieces
  4785 | D:4      | Bought a scroll of identify for 20 gold pieces
  4785 | D:4      | Bought a scroll of magic mapping for 35 gold pieces
  4785 | D:4      | Bought a scroll of identify for 20 gold pieces
  4952 | D:4      | Found a broken altar of Ashenzari.
  4952 | D:4      | Found a burning altar of Makhleb.
  4953 | D:4      | Found a shimmering altar of Xom.
  5074 | D:5      | Entered Level 5 of the Dungeon
  5093 | D:5      | Reached XP level 9. HP: 39/59 MP: 9/9
  5829 | D:5      | Noticed Edmund
  5869 | D:5      | Killed Edmund
  5893 | D:5      | Reached skill level 12 in Slings
  6578 | D:6      | Reached skill level 5 in Dodging
  7574 | D:7      | Found a shadowy altar of Dithmenos.
  7574 | D:7      | Found a hide-covered altar of Uskayaw.
  7718 | D:7      | Found a stormy altar of Qazlal.
  7852 | D:7      | Reached skill level 5 in Armour
  7906 | D:7      | Reached *** piety under Okawaru
  7941 | D:7      | Noticed Joseph
  8212 | D:7      | Killed Joseph
  8213 | D:7      | Reached XP level 10. HP: 55/67 MP: 10/10
  8409 | D:7      | Received a gift from Okawaru
  9131 | D:8      | Found a sparkling altar of Nemelex Xobeh.
  9668 | D:9      | Reached skill level 13 in Slings
 10090 | D:9      | Found a white marble altar of Elyvilon.
 10356 | D:9      | Found a staircase to the Orcish Mines.
 10603 | D:10     | Entered Level 10 of the Dungeon
 10603 | D:10     | Noticed a two-headed ogre
 10622 | D:9      | Killed a two-headed ogre
 10622 | D:9      | Received a gift from Okawaru
 10622 | D:9      | Reached **** piety under Okawaru
 10622 | D:9      | Received a gift from Okawaru
 10623 | D:9      | Reached skill level 1 in Invocations
 10623 | D:9      | Reached skill level 1 in Evocations
 10993 | D:10     | Reached XP level 11. HP: 76/76 MP: 12/12
 11200 | D:10     | Noticed a manticore
 11370 | D:10     | Killed a manticore
 12007 | D:10     | Received a gift from Okawaru
 12018 | D:10     | Reached skill level 14 in Slings
 12475 | D:11     | Received a gift from Okawaru
 12836 | D:11     | Noticed a red ugly thing
 13093 | D:11     | Killed a red ugly thing
 13330 | D:11     | Noticed a death yak
 13346 | D:11     | Killed a death yak
 13346 | D:11     | Reached ***** piety under Okawaru
 13348 | D:11     | Noticed a death yak
 13348 | D:11     | Noticed a death yak
 13363 | D:11     | Killed a death yak
 13363 | D:11     | Received a gift from Okawaru
 13364 | D:11     | Reached skill level 10 in Fighting
 13912 | D:11     | Noticed a two-headed ogre
 13929 | D:11     | Killed a two-headed ogre
 13930 | D:11     | Reached XP level 12. HP: 46/85 MP: 13/15
 14043 | D:11     | Received a gift from Okawaru
 14439 | D:11     | Killed a death yak
 14456 | D:11     | Found a staircase to the Lair.
 14930 | Lair:1   | Entered Level 1 of the Lair of Beasts
 15017 | D:11     | Reached skill level 5 in Invocations
 15337 | D:11     | Reached skill level 15 in Slings
 15579 | Lair:1   | Noticed a seven-headed hydra
 15594 | Lair:1   | Killed a seven-headed hydra
 16016 | Lair:1   | Found a runed translucent gate.
 16018 | Lair:1   | Found a runed translucent gate.
 16018 | Lair:1   | Found a runed translucent gate.
 16018 | Lair:1   | Noticed a death ooze
 16019 | Lair:1   | Noticed Vaqiog's ghost (journeyman FoFi)
 16912 | Lair:1   | Found a viscous altar of Jiyva.
 17180 | Lair:2   | Reached XP level 13. HP: 90/95 MP: 17/17
 17200 | Lair:2   | Noticed a five-headed hydra
 17229 | Lair:2   | Killed a five-headed hydra
 17260 | Lair:2   | Received a gift from Okawaru
 17862 | Lair:2   | Found a staircase to the Snake Pit.
 18177 | Lair:3   | Received a gift from Okawaru
 18180 | Lair:3   | Noticed a six-headed hydra
 18191 | Lair:3   | Killed a six-headed hydra
 18746 | Lair:3   | Noticed Prince Ribbit
 18778 | Lair:2   | Killed Prince Ribbit
 19345 | Lair:3   | Reached skill level 16 in Slings
 20379 | Lair:4   | You fall into a shaft and drop 2 floors!
 20379 | Lair:6   | Entered Level 6 of the Lair of Beasts
 20380 | Lair:6   | Noticed a boulder beetle
 20394 | Lair:6   | Found a staircase to the Slime Pits.
 20400 | Lair:5   | Noticed an eight-headed hydra
 20456 | Lair:5   | Killed an eight-headed hydra
 20829 | Lair:5   | You fall into a shaft and drop 1 floor!
 20851 | Lair:6   | Noticed a boulder beetle
 20902 | Lair:5   | Reached XP level 14. HP: 41/104 MP: 19/19
 21236 | Lair:5   | Received a gift from Okawaru
 21237 | Lair:5   | Reached skill level 1 in Shields
 21248 | Lair:5   | Reached skill level 10 in Armour
 21300 | Lair:5   | Identified the Handbook of Sinister Arts and the Mountains
 22335 | Lair:4   | Reached ****** piety under Okawaru
 22639 | Lair:4   | Found a staircase to the Swamp.
 22651 | Lair:4   | Received a gift from Okawaru
 22784 | Lair:4   | You fall into a shaft and drop 2 floors!
 24108 | Lair:6   | Received a gift from Okawaru
 24395 | Lair:6   | Reached skill level 10 in Dodging
 24416 | Lair:6   | Received a gift from Okawaru
 24419 | Lair:6   | Reached skill level 17 in Slings
 25594 | Lair:6   | Reached XP level 15. HP: 112/112 MP: 21/21
 25643 | Lair:6   | Received a gift from Okawaru
 27260 | D:12     | Noticed Urug
 27266 | D:12     | Killed Urug
 27550 | D:12     | Noticed Nessos
 27553 | D:12     | Killed Nessos
 27607 | D:12     | Noticed Frances
 27615 | D:12     | Killed Frances
 27810 | D:12     | Reached skill level 18 in Slings
 27939 | Orc:1    | Entered Level 1 of the Orcish Mines
 28029 | Orc:1    | You fall into a shaft and drop 1 floor!
 28029 | Orc:2    | Entered Level 2 of the Orcish Mines
 28496 | Orc:2    | Found a dark tunnel.
 28508 | Volcano  | Entered a volcano
 28992 | Orc:2    | Received a gift from Okawaru
 29052 | Orc:2    | Got a faintly glowing scale mail {god gift}
 29053 | Orc:2    | Identified the +4 scale mail of Narcissism {rElec rC+}
                  | (Okawaru gifted it to you on level 2 of the Orcish Mines)
 29106 | Orc:2    | Found Ciwyt's Distillery.
 29126 | Orc:2    | Found Xigohoech's General Store.
 29588 | Orc:2    | Bought a potion of heal wounds for 55 gold pieces
 29588 | Orc:2    | Bought a potion of resistance for 110 gold pieces
 29588 | Orc:2    | Bought a potion of cancellation for 88 gold pieces
 29757 | Orc:2    | Reached XP level 16. HP: 120/120 MP: 23/23
 30045 | Orc:2    | Reached skill level 10 in Invocations
 30270 | Orc:2    | Found a roughly hewn altar of Beogh.
 30309 | Orc:2    | Found a staircase to the Elven Halls.
 30690 | Orc:2    | Found Apnuq's Antique Weapon Boutique.
 30690 | Orc:2    | Found Enguex's Book Shop.
 30690 | Orc:2    | Found a one-way gate leading to the halls of Pandemonium.
 30821 | Orc:1    | Found Qeseeg's Distillery.
 30866 | Orc:1    | Bought a potion of resistance for 100 gold pieces
 30866 | Orc:1    | Bought a potion of haste for 100 gold pieces
 30866 | Orc:1    | Bought a potion of heal wounds for 50 gold pieces
 30866 | Orc:1    | Bought a potion of mutation for 80 gold pieces
 30866 | Orc:1    | Bought a potion of heal wounds for 50 gold pieces
 30866 | Orc:1    | Bought a potion of haste for 100 gold pieces
 30872 | Orc:1    | Found a runed translucent door.
 30876 | Orc:1    | Noticed tatocazan's ghost (novice DsGl)
 31255 | Orc:1    | Killed tatocazan's ghost
 31512 | D:13     | You fall into a shaft and drop 2 floors!
 31512 | D:15     | Entered Level 15 of the Dungeon
 31525 | D:15     | Reached skill level 19 in Slings
 31564 | D:15     | Found a frozen archway.
 31607 | IceCv    | Entered an ice cave
 31660 | IceCv    | Reached skill level 15 in Fighting
 31896 | IceCv    | Received a gift from Okawaru
 32984 | D:15     | Paralysed by a kobold demonologist for 5 turns
 33315 | D:15     | Found a staircase to the Depths.
 33903 | D:14     | Found Ehirphoum's Book Boutique.
 34136 | D:14     | Found Arimasm's Antique Armour Shoppe.
 34181 | D:14     | Found Qevveybb's General Store.
 34187 | D:14     | Bought 2 scrolls of identify for 68 gold pieces
 34418 | D:14     | Received a gift from Okawaru
 34437 | D:14     | Noticed Rupert
 34441 | D:14     | Paralysed by Rupert for 3 turns
 34464 | D:14     | Killed Rupert
 34465 | D:14     | Reached XP level 17. HP: 66/127 MP: 25/25
 35131 | D:13     | Received a gift from Okawaru
 35402 | D:13     | Reached skill level 5 in Shields
 35406 | D:13     | Received a gift from Okawaru
 35977 | D:13     | Found a gate to the Vaults.
 36316 | D:13     | Identified the Tome of the Arsonist and Confrontation
 36377 | D:13     | Identified a scroll of acquirement
 36378 | D:13     | Acquired a +0 pair of gloves of archery
 36568 | Swamp:1  | Entered Level 1 of the Swamp
 37511 | Swamp:1  | Received a gift from Okawaru
 37568 | Swamp:1  | Reached skill level 20 in Slings
 37724 | Swamp:1  | Received a gift from Okawaru
 38282 | Lair:3   | Got a fading ring mail
 38283 | Lair:3   | Identified the +4 ring mail of the Other World {Int+5
                  | Dex+2} (You found it on level 3 of the Lair of Beasts)
 38650 | Swamp:2  | Received a gift from Okawaru
 39065 | Swamp:2  | Received a gift from Okawaru
 39304 | Swamp:3  | Received a gift from Okawaru
 39924 | Swamp:3  | Got a translucent scale mail
 40084 | Swamp:3  | Reached XP level 18. HP: 135/135 MP: 26/26
 40663 | Swamp:3  | Identified the cursed +1 scale mail "Ecwequd" {rC+} (You
                  | found it on level 3 of the Swamp)
 40667 | Swamp:4  | Entered Level 4 of the Swamp
 41860 | Swamp:4  | Received a gift from Okawaru
 42228 | Swamp:4  | Got a decaying rune of Zot
 42373 | Swamp:4  | Received a gift from Okawaru
 42811 | Snake:1  | Entered Level 1 of the Snake Pit
 43034 | Snake:1  | Found a shimmering altar of Xom.
 43034 | Snake:1  | Noticed mhtbhm's ghost (journeyman GrFi)
 43035 | Snake:1  | Found a runed translucent door.
 44542 | Snake:2  | Found a transporter.
 44545 | Snake:2  | Noticed crescentfresh's ghost (adept HuIE)
 44554 | Snake:2  | Found a transporter.
 44764 | Snake:2  | Reached skill level 21 in Slings
 44880 | Snake:2  | Reached XP level 19. HP: 139/143 MP: 28/28
 45211 | Snake:1  | Killed mhtbhm's ghost
 45401 | Snake:3  | Found a runed translucent gate.
 45401 | Snake:3  | Found a runed translucent gate.
 45403 | Snake:3  | Found a runed translucent gate.
 45404 | Snake:3  | Noticed Voujoc's ghost (adept DsIE)
 45488 | Snake:3  | Reached skill level 10 in Shields
 45497 | Snake:3  | Received a gift from Okawaru
 45947 | Snake:4  | Entered Level 4 of the Snake Pit
 46154 | Snake:4  | Found Aryrasus's Armour Emporium.
 47664 | Snake:4  | Identified the Disquisition on Clay
 48202 | Snake:4  | Received a gift from Okawaru
 48645 | Snake:4  | HP: 6/143 [anaconda (8)]
 48646 | Snake:4  | Killed from afar by a shock serpent

Illustrated notes

Levels and vault maps discovered:
D:1:      eino_arrival_water_cross, layout_rooms, minmay_tromino_i4
D:2:      layout_basic, lightli_temple_of_fire,
          chequers_ecumenical_altar_simple, nicolae_qazlal_eye_of_the_storm,
          uniq_terence
D:3:      layout_basic, okawaru_ov_weapons_minmay, uniq_natasha, uniq_jessica
D:4:      layout_loops_cross, yredelemnul_altar_generic,
          nicolae_overflow_hidden_temple, minmay_temple_entry_grid,
          serial_shops, shop, corexii_checkpoint_a, uniq_eustachio, uniq_pikel,
          uniq_robin, uniq_ijyb
D:5:      layout_gridville, uniq_edmund
D:6:      layout_loops_cross, serial_aquarium, aquarium_bridge_square
          [aquarium_subvault_bridge, aquarium_subvault_wall,
          aquarium_subvault_bridge, aquarium_subvault_window],
          aquarium_window_2, aquarium_window_3, aquarium_view_2d
D:7:      layout_rooms, kennysheep_mini_moat, lemuel_crystal_altar,
          eat_drink_and_be_merry_uskayaw, uniq_joseph
D:8:      layout_loops_ring, lemuel_round_altar
D:9:      layout_basic, elyvilon_altar_3, orc_0_dummy,
          minmay_misc_feat_diagonals
D:10:     wad_woods_structure_01, layout_cave_pools
D:11:     layout_roguey, dpeg_lair_monsters, hangedman_decor_lopped
D:12:     layout_roguey, nicolae_twisting_strands, uniq_nessos, uniq_frances,
          uniq_urug
D:13:     layout_basic, grunt_vaults_entry_tiered
D:14:     layout_basic, chequers_serial_rivers_large_b, serial_shops,
          shop_statue, shop, shop, uniq_rupert
D:15:     hangedman_depths_entry_try_elsewhere_first, layout_loops_ring,
          portal_ice_cave_entry_imps, minmay_fractal_squares_5
Lair:1:   layout_chaotic_city, gammafunk_ghost_ooze, serial_bayou_shore_b
Lair:2:   layout_cave_shapes, guppyfry_snake_entry_garden
Lair:3:   layout_misc_corridors, grunt_megastairs_3, uniq_prince_ribbit2
Lair:4:   layout_cave_pods, nicolae_swamp_entry_splash_gauntlet
Lair:5:   layout_cave_pods, cheibrodos_lair_reptile_den, lemuel_fruit_tree
Lair:6:   guppyfry_lair_end_dragon, layout_misc_corridors,
          hangedman_lair_caniforms_friends, slime_dummy, columned_hall_lemuel,
          kennysheep_basilisk_garden
Swamp:1:  layout_basic_swamp, hangedman_swamp_lotus
Swamp:2:  layout_basic_swamp, hangedman_swamp_ruin_wall
Swamp:3:  layout_falls_marsh, evilmike_swamp_ruin_house_4
Swamp:4:  swamp, layout_basic_swamp, nicolae_swamp_fairy_circle,
          infiniplex_staircase_pool
Snake:1:  layout_misc_corridors, ebering_ghost_xom,
          hangedman_snake_wide_pillar_pass, serial_bayou_shore_a
Snake:2:  layout_cave_pods, gammafunk_ghost_berserking_beasts
Snake:3:  layout_onion_interference, gammafunk_ghost_split
Snake:4:  snake_pit_salamanders_mu, layout_cave_shapes, serial_shops,
          nicolae_shop_window_shopping, st_stairs_6
Orc:1:    layout_caves, ebering_ghost_inner_flame, serial_shops,
          nicolae_shop_statue_plus, nicolae_orc_rockfall, lightli_orcish_oven
Orc:2:    pf_orc_diabolical, layout_caves, nicolae_volcano_entry_hallway,
          basic_altar

Skill      XL: |  1  2  3  4  5  6  7  8  9 10 11 12 13 14 15 16 17 18 19 |
---------------+----------------------------------------------------------+-----
Slings         | 6 7 8 9 11 12 13 14 15 16 17 18 19 20 21 | 21.6
Fighting       | 2 3 4 5 6 8 10 11 12 13 14 15 16 | 16.9
Armour         | 1 3 5 6 8 9 11 12 13 | 13.6
Dodging        | 3 4 5 6 7 8 9 10 11 12 | 12.8
Invocations    | 2 4 5 6 8 9 11 12 13 | 13.2
Evocations     | 1 2 |  2.9
Stealth        | 2 3 |  3.9
Shields        | 1 3 4 7 9 11 | 11.2
Throwing       | |  0.1

Action                   |  1- 3 |  4- 6 |  7- 9 | 10-12 | 13-15 | 16-18 | 19-21 || total
-------------------------+-------+-------+-------+-------+-------+-------+-------++-------
Melee: Fustibalus        |       |       |       |       |       |     2 |       ||     2
 Fire: Hunting sling     |    99 |   241 |   635 |  1455 |  1096 |       |       ||  3526
       Fustibalus        |       |       |       |       |   755 |  1644 |   491 ||  2890
Throw: Dart              |       |       |       |     3 |     1 |       |       ||     4
Invok: Heroism           |       |       |       |     6 |     8 |     8 |     3 ||    25
       Finesse           |       |       |       |       |     2 |     2 |     1 ||     5
 Abil: Evoke Invisibilit |       |       |     1 |     4 |       |       |       ||     5
Evoke: Wand              |       |       |     2 |     6 |     7 |       |       ||    15
       Tin of tremorston |       |       |       |       |     3 |       |       ||     3
       Condenser vane    |       |       |       |       |     1 |     1 |       ||     2
       Phial of floods   |       |       |       |       |     1 |       |       ||     1
  Use: Scroll            |       |       |    16 |     7 |    26 |    10 |     3 ||    62
       Potion            |       |       |       |     1 |     7 |     2 |     1 ||    11
Armor: Leather armour    |     3 |       |       |       |       |       |       ||     3
       Scale mail        |       |    28 |    48 |   112 |    60 |   184 |       ||   432
       Plate armour      |       |       |       |       |   200 |       |    36 ||   236
       Chain mail        |       |       |       |       |     1 |       |       ||     1
       Swamp dragon scal |       |       |       |       |       |    30 |     3 ||    33
Dodge: Dodged            |    14 |    48 |   126 |   754 |   865 |   499 |    82 ||  2388
Block: Other             |       |       |       |       |   174 |    19 |       ||   193
       Reflection        |       |       |       |       |     6 |    26 |    28 ||    60
       Kite shield       |       |       |       |       |       |   460 |   154 ||   614

Table legend: (Time is in decaauts)
 A = Elapsed time spent in this place.
 B = Non-inter-level travel time spent in this place.
 C = Inter-level travel time spent in this place.
 D = Time resting spent in this place.
 E = Time spent auto-exploring this place.
 F = Levels seen in this place.
 G = Mean time per level.
                   A        B        C        D        E       F      G
               +--------+--------+--------+--------+--------+-----+--------+
         Total |  47018 |  44027 |   2991 |   2403 |  33911 |  33 | 1424.8 |
       Dungeon |  20414 |  19604 |    810 |    914 |  15405 |  15 | 1360.9 |
          Lair |  11604 |  10397 |   1207 |    270 |   8322 |   6 | 1934.0 |
         Swamp |   5506 |   5318 |    188 |    457 |   4111 |   4 | 1376.5 |
     Snake Pit |   5505 |   4965 |    540 |    473 |   3628 |   4 | 1376.2 |
  Orcish Mines |   2971 |   2727 |    244 |    287 |   1863 |   2 | 1485.5 |
      Ice Cave |    743 |    743 |      0 |      0 |    469 |   1 |  743.0 |
       Volcano |    272 |    272 |      0 |      0 |    111 |   1 |  272.0 |
               +--------+--------+--------+--------+--------+-----+--------+

Top non-repeatable levels by time:
    D:11: 2802 daAuts
 Snake:4: 2432 daAuts
   Orc:2: 2396 daAuts
  Lair:6: 2366 daAuts
  Lair:4: 2299 daAuts
  Lair:5: 2167 daAuts
  Lair:2: 1951 daAuts
 Swamp:4: 1743 daAuts
 Swamp:3: 1692 daAuts
     D:4: 1650 daAuts
  Lair:1: 1590 daAuts
    D:10: 1575 daAuts
    D:14: 1513 daAuts
     D:6: 1413 daAuts
    D:12: 1352 daAuts
